 Dungeon Crawl Stone Soup version 0.27-a0-1301-g128193abf8 (webtiles) character file.

Game seed: 15512868683381916943

38 spiderkeys the Skirmisher (level 3, -2/36 HPs)
             Began as a Troll Abyssal Knight on June 18, 2021.
             Was a Follower of Lugonu.
             Slain by a gnoll (6 damage)
             ... on level 2 of the Dungeon.
             The game lasted 00:01:21 (1224 turns).

spiderkeys the Skirmisher (Troll Abyssal Knight)    Turns: 1224, Time: 00:01:22

Health: -2/36      AC:  4    Str: 21    XL:     3   Next: 25%
Magic:  3/3        EV: 10    Int:  8    God:    Lugonu [*.....]
Gold:   137        SH:  0    Dex: 15    Spells: 2/2 levels left

rFire    . . .     SeeInvis .     - Unarmed
rCold    . . .     Faith    .   (no shield)
rNeg     . . .     Spirit   .   a - +0 robe
rPois    .         Reflect  .   (helmet restricted)
rElec    .         Harm     .   (no cloak)
rCorr    .         Rampage  .   (gloves unavailable)
Will     .....                  (boots unavailable)
Stlth    +.........             (no amulet)
HPRegen  1.12/turn              D - +6 ring of dexterity
MPRegen  0.08/turn              (no ring)

@: no status effects
A: large, unfitting armour, claws 3, regeneration 1, shaggy fur 1, tough skin 1
a: Renounce Religion, Depart the Abyss


You were on level 2 of the Dungeon.
You worshipped Lugonu.
Lugonu was aware of your devotion.
You visited 1 branch of the dungeon, and saw 2 of its levels.
You visited the Abyss 1 time.

You collected 137 gold pieces.


Innate Abilities, Weirdness & Mutations

You are too large for most types of armour.
You have claws for hands.
Your natural rate of healing is unusually fast.
You are covered in fur. (AC +1)
You have tough skin. (AC +1)


   Skills:
 + Level 2.6 Fighting
 + Level 0.9 Armour
 + Level 2.2 Dodging
 + Level 2.4 Unarmed Combat
 + Level 2.0 Invocations


You had 2 spell levels left.
You didn't know any spells.
Your spell library was empty.

Inventory:

Missiles
 b - 13 bolts
 e - 62 stones
Armour
 a - a +0 robe (worn)
Magical Staves
 h - a staff of cold {!a}
   (You found it on level 2 of the Dungeon)
Jewellery
 D - a +6 ring of dexterity (left claw)
   (You found it on level 2 of the Dungeon)
 F - a ring of fire
   (You found it on level 1 of the Dungeon)
Scrolls
 d - 3 scrolls of identify {unknown}
 f - a scroll of teleportation {unknown}
Potions
 c - 2 potions of lignification {unknown}
 g - 2 potions of curing {unknown}

Dungeon Overview and Level Annotations

Branches:
Dungeon (2/15)

Altars:

##....##.#...#
####..#....## ##.#..#.#
#######......#
..........##### .#
.#######......# ###
...#######...###.####.#
...g..(#....## #..##..#
..<....#@#..# ##.#..##
#..ggg..## ##...####.
#.....#######.........
#.....##..#...#..##...
#......#..#.....## ..
########.....#..# .
#..#..#.#..#..# ##
#..#.....#####..
#.#####.....#..# ##.


You could see 3 gnolls.


Message History

No target in view!
No target in view!
A quokka comes into view.
You see here 11 gold pieces.
A quokka is nearby!
The quokka bites you. 😕 HP[-1]
You take 1 damage, and now have 28/29 hp.
You barely miss the quokka. The quokka bites you.
The quokka barely misses you. 😕 HP[-2]
You take 2 damage, and now have 26/29 hp.
You scratch the quokka. The quokka misses you. 😕 HP[+1]
You scratch the quokka but do no damage.
The quokka bites you. 😕 HP[-3]
You take 3 damage, and now have 24/29 hp.
You closely miss the quokka. The quokka bites you. 😕 HP[-2]
You take 2 damage, and now have 22/29 hp.
You barely miss the quokka. The quokka bites you. 😮 HP[-2]
You take 2 damage, and now have 20/29 hp.
You are too injured to fight recklessly!
You are too injured to fight recklessly!
You are too injured to fight recklessly!
You are too injured to fight recklessly!
You are too injured to fight recklessly!
You are too injured to fight recklessly!
You claw the quokka!
You kill the quokka!
Lugonu accepts your kill.
You have reached level 3!
Your experience leads to an increase in your attributes!
Increase (S)trength, (I)ntelligence, or (D)exterity?
You feel stronger. x2 😮 HP[+6] MP[+1]
You now have 36 max hp (+7).
You regained 6 hp, and now have 26/36 hp.
Your mp is fully restored (3).
h - a staff of cold {!a} 😎 HP[+10]
Your hp is fully restored (36).
You now have 126 gold pieces (gained 19).
D - a +6 ring of dexterity
e - 62 stones (gained 21)
You now have 137 gold pieces (gained 11).
Found a stone staircase leading up.
You feel agile.
D - a +6 ring of dexterity (left claw) 3 gnolls come into view.
Found a stone staircase leading up.
A gnoll comes into view. It is wielding a +0 spear.
You scratch the gnoll. The gnoll closely misses you.
You scratch the gnoll.
The gnoll shouts! x2
The gnoll completely misses you.
You scratch the gnoll. The gnoll closely misses you.
The gnoll hits you from afar with a +0 spear.
The gnoll barely misses you. 😕 HP[-4]
You take 4 damage, and now have 32/36 hp.
You closely miss the gnoll. The gnoll hits you with a +0 club.
The gnoll closely misses you.
The gnoll hits you with a +0 club. 😕 HP[-3]
You take 3 damage, and now have 29/36 hp. 😕 HP[+1]
You claw the gnoll! 😕 HP[+1]
You claw the gnoll!
You kill the gnoll!
Lugonu accepts your kill. The gnoll hits you with a +0 club.
The gnoll hits you from afar with a +0 spear. 😮 HP[-6]
You take 6 damage, and now have 25/36 hp.
You scratch the gnoll. The gnoll hits you with a +0 club.
The gnoll barely misses you. 😮 HP[-1]
You take 1 damage, and now have 24/36 hp.
You scratch the gnoll but do no damage. The gnoll closely misses you.
The gnoll hits you from afar with a +0 spear.
The gnoll barely misses you. 😮 HP[-4]
You take 4 damage, and now have 20/36 hp.
You closely miss the gnoll. The gnoll barely misses you.
The gnoll misses you. x2 😮 HP[+1]
You scratch the gnoll but do no damage. The gnoll hits you with a +0 club!
* * * LOW HITPOINT WARNING * * *
The gnoll hits you from afar with a +0 spear.
* * * LOW HITPOINT WARNING * * *
The gnoll hits you with a +0 spear.
* * * LOW HITPOINT WARNING * * *
😱 HP[-12]
You take 12 damage, and now have 9/36 hp.
MASSIVE DAMAGE!! (PAUSE)
You completely miss the gnoll. The gnoll hits you with a +0 club.
* * * LOW HITPOINT WARNING * * *
The gnoll hits you from afar with a +0 spear.
You die...

Skill      XL: |  1  2 |
---------------+-------+-----
Dodging        | 2 |  2.2
Invocations    | 2 |  2.0
Fighting       | |  2.6
Armour         | |  0.9
Unarmed Combat | |  2.4

Action                   || total
-------------------------++-------
Melee: Unarmed           ||    72
  Use: Scroll            ||     1
 Stab: Sleeping          ||     1
Armor: Robe              ||    12
Dodge: Dodged            ||    35

Levels and vault maps discovered:
D:1:      tarquinn_simple_flora_water_c, layout_basic, chequers_big_river,
          chequers_serial_rivers_room_b
D:2:      layout_rooms, shapermc_ecumenical_altar_mp_vishouse, serial_shops,
          shop_fountains, hangedman_decor_push, kennysheep_nub,
          serial_bayou_crossing

Notes
Turn   | Place    | Note
-------+----------+-------------------------------------------
     0 | Abyss:1  | spiderkeys the Troll Abyssal Knight began the quest for the
                  | Orb.
     0 | Abyss:1  | Reached XP level 1. HP: 22/22 MP: 1/1
     0 | Abyss:1  | magus.rc [v1.9.10]
    47 | Abyss:1  | Noticed a worldbinder
    50 | Abyss:1  | Noticed a manticore
    52 | Abyss:1  | Noticed a merfolk siren
    57 | Abyss:1  | Found a corrupted altar of Lugonu.
    68 | D:1      | You pass through the gate.
    68 | D:1      | Escaped the Abyss
   185 | D:1      | Reached skill level 2 in Dodging
   225 | D:1      | Reached XP level 2. HP: 29/29 MP: 2/2
   453 | D:1      | Reached ** piety under Lugonu
  1119 | D:2      | Reached skill level 2 in Invocations
  1132 | D:2      | Reached XP level 3. HP: 26/36 MP: 3/3
  1223 | D:2      | HP: 9/36 [gnoll (5)]
  1224 | D:2      | HP: 4/36 [gnoll (6)]
  1224 | D:2      | Slain by a gnoll

Vanquished Creatures
  A gnoll (D:2)
  A dart slug (D:1)
  2 ball pythons
  4 endoplasms
  3 giant cockroaches (D:1)
  2 goblins (D:1)
  5 hobgoblins (D:1)
  2 quokkas (D:2)
  2 bats (D:1)
22 creatures vanquished.

Vanquished Creatures (others)
  A plant (D:1)
1 creature vanquished.

Grand Total: 23 creatures vanquished

Table legend:
 A = Non-vault XP
 B = Vault XP
 C = Vault XP percentage of total XP
 D = Non-vault monster count
 E = Vault monster count
 F = Vault count percentage of total count
                 A         B        C        D         E       F
            +---------+---------+-------+---------+---------+-------
      Total |      55 |       0 |   0.0 |      22 |       0 |   0.0
            +---------+---------+-------+---------+---------+-------
        D:1 |      34 |       0 |   0.0 |      17 |       0 |   0.0
        D:2 |      21 |       0 |   0.0 |       5 |       0 |   0.0
            +---------+---------+-------+---------+---------+-------

Illustrated notes

Table legend:
 A = Kills in this place as a percentage of kills in entire the game.
 B = Kills by you in this place as a percentage of kills by you in the entire game.
 C = Kills by friends in this place as a percentage of kills by friends in the entire game.
 D = Other kills in this place as a percentage of other kills in the entire game.
 E = Experience gained in this place as a percentage of experience gained in the entire game.
 F = Experience gained in this place divided by the number of levels of this place that you have seen.
                   A       B       C       D       E      F
               +-------+-------+-------+-------+-------+----------------------
         Total | 100.0 | 100.0 |   N/A |   N/A | 100.0 |  18.3
       Dungeon | 100.0 | 100.0 |   N/A |   N/A | 100.0 |  27.5
               +-------+-------+-------+-------+-------+----------------------

Table legend: (Time is in decaauts)
 A = Elapsed time spent in this place.
 B = Non-inter-level travel time spent in this place.
 C = Inter-level travel time spent in this place.
 D = Time resting spent in this place.
 E = Time spent auto-exploring this place.
 F = Levels seen in this place.
 G = Mean time per level.
                   A        B        C        D        E       F      G
               +--------+--------+--------+--------+--------+-----+--------+
         Total |   1237 |   1201 |     36 |      0 |   1003 |   3 |  412.3 |
       Dungeon |   1169 |   1133 |     36 |      0 |    958 |   2 |  584.5 |
         Abyss |     68 |     68 |      0 |      0 |     45 |   1 |   68.0 |
               +--------+--------+--------+--------+--------+-----+--------+

Top non-repeatable levels by time:
     D:1: 962 daAuts
     D:2: 207 daAuts
 Abyss:1: 68 daAuts
